Map: Orbital Shipyard

Players

MorN

  • Race: Terran Terran
  • League: Master

Apocalypse - Winner!

  • Race: Protoss Protoss
  • League: Master

VOD

Have the link to the VOD?

Description

Time

  • Played on: Dec. 6, 2015, 1:02 a.m.
  • Length: 18:23
Show
View Real Time Build Order
Export as new Build Order

MorN Terran 

Build Orders: MMM Bio 

Get SALT Encoding   

  12  0:01  SCV  
  13  0:13  SCV  
  14  0:17  Supply Depot  
  14  0:25  SCV  
  15  0:39  SCV  
  15  0:40  Barracks  
  16  0:46  Refinery  
  16  0:51  SCV  
  17  1:03  SCV  
  18  1:15  SCV  
  19  1:27  Marine  
  19  1:28  Orbital Command  
  20  1:41  Command Center  
  20  1:50  Factory  
  20  1:55  SCV  
  21  2:03  Supply Depot  
  21  2:08  SCV  
  21  2:09  Marine  
  23  2:27  Marine  
  24  2:32  SCV  
  24  2:35  Factory Tech Lab  
  24  2:36  Barracks  
  25  2:45  Marine  
  25  2:48  SCV  
  27  2:54  Orbital Command  
  27  3:00  SCV  
  27  3:01  Cyclone  
  27  3:05  Refinery  
  31  3:07  Marine  
  31  3:12  SCV  
  33  3:18  Engineering Bay  
  33  3:21  SCV  
  33  3:24  SCV  
  35  3:33  SCV  
  36  3:36  SCV  
  36  3:41  Factory Reactor  
  37  3:42  Barracks  
  37  3:43  Marine x2  
  37  3:45  SCV  
  37  3:47  Missile Turret  
  37  3:48  Terran Infantry Weapons Level 1, SCV  
  41  3:57  SCV  
  41  4:02  Marine  
  44  4:03  Stimpack  
  44  4:09  SCV x2  
  45  4:10  Barracks Tech Lab  
  45  4:13  Supply Depot  
  45  4:20  Marine  
  46  4:28  Supply Depot  
  46  4:30  Factory Reactor  
  46  4:32  Command Center  
  46  4:35  SCV x2  
  46  4:37  Starport  
  48  4:41  Refinery  
  48  4:43  Supply Depot  
  48  4:44  Marine x4  
  52  4:47  SCV  
  52  4:50  SCV  
  54  4:57  Combat Shields  
  54  4:59  SCV  
  55  5:01  Marine  
  55  5:02  Marine  
  55  5:03  SCV  
  58  5:09  Marauder x2  
  58  5:11  SCV  
  61  5:15  SCV  
  57  5:23  SCV  
  57  5:25  Marine x2  
  57  5:27  SCV  
  61  5:32  Medivac  
  61  5:33  Medivac  
  66  5:35  SCV  
  66  5:39  SCV  
  66  5:42  Factory Reactor  
  67  5:43  Marauder  
  67  5:47  SCV  
  70  5:51  SCV  
  69  5:59  Marauder, Orbital Command  
  69  6:01  SCV  
  69  6:03  SCV  
  73  6:04  Supply Depot  
  73  6:05  Terran Infantry Armor Level 1, Refinery  
  73  6:11  Barracks  
  73  6:12  Barracks  
  73  6:13  SCV  
  73  6:16  Marine x2  
  73  6:17  Medivac  
  78  6:20  Supply Depot  
  78  6:21  Widow Mine x2  
  78  6:25  Orbital Command  
  82  6:26  SCV, Supply Depot  
  80  6:42  Marine x2  
  80  6:43  Marauder  
  80  6:44  Marine  
  84  6:48  SCV  
  84  6:49  SCV  
  86  7:00  Marine x2  
  82  7:03  Marauder  
  82  7:06  Widow Mine x2, Marine  
  86  7:18  Marine  
  86  7:19  Barracks Reactor  
  86  7:20  Barracks Tech Lab  
  83  7:23  Engineering Bay  
  83  7:24  Armory, Marauder x2  
  83  7:25  Medivac x2  
  83  7:28  Command Center  
  91  7:34  SCV x2  
  91  7:35  SCV, Widow Mine  
  96  7:41  Supply Depot  
  96  7:46  SCV x2  
  96  7:47  SCV  
  96  7:49  Marine x2  
  96  7:51  Missile Turret  
  101  7:52  Supply Depot, Missile Turret, Marine x2  
  101  7:53  Marauder  
  101  7:58  SCV x2  
  105  8:05  Concussive Shells  
  105  8:10  Marauder  
  105  8:11  Marine  
  105  8:12  Marauder  
  109  8:13  SCV x3  
  109  8:14  Terran Infantry Weapons Level 2  
  109  8:16  Supply Depot  
  109  8:19  Terran Infantry Armor Level 2  
  112  8:24  Marine x2  
  112  8:25  SCV, Marauder  
  117  8:32  Marine  
  117  8:33  Marauder, Marine  
  120  8:36  Widow Mine, Marine  
  120  8:37  Widow Mine  
  120  8:38  SCV x2  
  120  8:40  Refinery  
  118  8:41  Refinery  
  118  8:42  Marine  
  118  8:46  SCV, Marauder  
  118  8:47  Terran Vehicle Weapons Level 1  
  122  8:51  Barracks  
  122  8:52  Barracks x2  
  122  8:54  Marauder  
  122  8:55  Command Center  
  124  8:59  Marine x2  
  124  9:00  Marauder  
  128  9:03  SCV  
  128  9:05  Widow Mine x2  
  128  9:08  SCV x2, Marauder  
  137  9:15  SCV  
  138  9:28  SCV, Planetary Fortress  
  139  9:34  Widow Mine x2  
  139  9:36  Supply Depot  
  139  9:37  Supply Depot x2, Marine x2  
  147  9:38  Marauder  
  147  9:41  Medivac x2  
  147  9:43  Barracks Reactor, Barracks Tech Lab x2  
  146  9:59  Liberator  
  146  10:02  Starport, Widow Mine x2  
  146  10:05  SCV x2  
  146  10:06  SCV x2  
  154  10:07  Fusion Core  
  154  10:13  Marauder, Marine x2  
  161  10:31  Marine x3  
  161  10:32  Marauder x4, Marine  
  172  10:45  Liberator x3  
  162  10:53  Marine x2  
  162  10:54  Marauder  
  155  10:57  Marine x2  
  155  10:58  Marauder  
  131  11:13  Marine  
  131  11:14  Marine x2  
  131  11:17  Marine  
  131  11:18  Marauder, Widow Mine x2, Marine x5  
  121  11:19  Marauder  
  125  11:28  Liberator  
  125  11:31  Marine x2  
  117  11:36  Marauder  
  110  11:44  Marine x3  
  110  11:45  Marauder  
  107  11:48  Marine x2  
  107  11:49  Marauder x2  
  107  11:51  Starport Tech Lab  
  107  11:53  Terran Infantry Weapons Level 3  
  111  12:06  Marauder, Marine  
  111  12:08  Marine x3  
  114  12:09  Marine, Marauder x2  
  114  12:10  Marauder  
  114  12:12  Marine x2  
  114  12:14  SCV  
  114  12:15  SCV x2  
  127  12:19  Command Center  
  127  12:23  Marine  
  127  12:26  Marine x3  
  127  12:28  Marauder  
  127  12:29  Marine  
  133  12:30  Marauder x3  
  133  12:33  Marine  
  133  12:34  Advanced Ballistics  
  140  12:55  Marine  
  140  12:56  Marauder, Marine  
  142  13:02  Liberator x2  
  142  13:03  Marine x3  
  142  13:04  Marauder x2  
  139  13:08  Marine x2  
  139  13:09  Marauder  
  141  13:18  Marine  
  141  13:19  Marauder  
  146  13:22  Orbital Command, Widow Mine x2  
  146  13:24  Marine  
  146  13:26  Marine  
  146  13:34  Marine x3  
  149  13:47  Marine x2  
  149  13:48  Marauder x3  
  157  13:56  Liberator  
  154  14:03  Marine  
  154  14:04  Marauder  
  154  14:06  Marauder, Marine x2  
  154  14:08  Marine  
  154  14:09  Marauder  
  153  14:12  Medivac  
  153  14:13  Widow Mine  
  153  14:24  Marine x2  
  153  14:25  Marauder  
  153  14:27  Marine x2  
  153  14:28  Marauder  
  130  14:47  Marine x2  
  130  14:48  Marauder  
  130  14:49  Planetary Fortress  
  130  14:50  Marine  
  130  14:51  Marauder, Marine x2  
  123  14:56  Marine  
  123  15:03  Marine x2  
  97  15:17  Marine x2  
  85  15:26  Marine  
  70  15:38  Marine x2  
  63  15:47  Marine x2  
  64  15:56  Marauder, Marine x2  
  68  15:59  Orbital Command, Marine  
  69  16:04  Marine  
  69  16:05  Marine  
  69  16:08  Marine  
  72  16:12  Marine  
  72  16:13  Marine  
  71  16:28  SCV x3  
  72  16:39  Marine  
  70  16:47  Marine x3  
  70  16:53  Marine x2  
  75  17:02  Marine  
  75  17:08  SCV x2  
  78  17:10  Marine  
  78  17:11  Marine  
  80  17:16  Marine x2  
  72  17:25  Marine x2  
  72  17:26  Marine x2  
  72  17:27  Marine x2  
  68  17:30  Marine  
  68  17:34  Marine x2  
  54  17:45  Marine x2  
  54  17:46  Marauder x2  
  54  17:50  SCV  
  61  17:55  Marauder  
  63  18:00  SCV  
  63  18:01  SCV  
Show
View Real Time Build Order
Export as new Build Order

Apocalypse Protoss - Winner!

Build Orders: 1 Gate Expand 

Get SALT Encoding   

  12  0:00  Probe (Chrono Boost)  
  13  0:11  Probe (Chrono Boost)  
  14  0:17  Pylon  
  14  0:22  Probe (Chrono Boost)  
  15  0:35  Probe (Chrono Boost)  
  16  0:36  Gateway  
  16  0:43  Assimilator  
  16  0:46  Probe (Chrono Boost)  
  17  0:56  Probe (Chrono Boost)  
  18  1:07  Probe (Chrono Boost)  
  19  1:17  Probe (Chrono Boost)  
  20  1:23  Nexus  
  20  1:28  Probe (Chrono Boost)  
  21  1:36  Cybernetics Core  
  21  1:39  Probe (Chrono Boost)  
  22  1:45  Pylon  
  22  1:50  Probe (Chrono Boost)  
  23  1:56  Assimilator  
  23  2:03  Probe (Chrono Boost)  
  24  2:12  Adept  
  24  2:13  Warp Gate  
  27  2:20  Mothership Core (Chrono Boost)  
  28  2:30  Forge  
  28  2:35  Probe (Chrono Boost)  
  29  2:38  Probe (Chrono Boost)  
  29  2:40  Adept  
  32  2:46  Probe (Chrono Boost)  
  32  2:49  Probe (Chrono Boost)  
  34  2:56  Probe (Chrono Boost)  
  35  3:00  Robotics Facility  
  35  3:01  Probe (Chrono Boost)  
  35  3:02  Protoss Ground Armor Level 1 (Chrono Boost)  
  35  3:05  Probe (Chrono Boost)  
  36  3:12  Probe  
  38  3:15  Adept  
  38  3:16  Probe  
  41  3:24  Probe  
  41  3:26  Probe  
  42  3:29  Pylon  
  43  3:36  Probe  
  43  3:37  Probe  
  45  3:46  Warp Prism (Chrono Boost)  
  45  3:47  Adept  
  45  3:48  Probe  
  49  3:49  Probe  
  49  3:55  Gateway  
  51  3:58  Gateway  
  51  4:01  Probe  
  52  4:05  Twilight Council, Probe  
  53  4:13  Probe  
  53  4:14  Assimilator x2  
  54  4:28  Pylon  
  54  4:30  Protoss Ground Armor Level 2, Pylon  
  54  4:46  Probe x2, Observer (Chrono Boost)  
  54  4:51  Sentry  
  59  4:55  Adept x2  
  59  4:58  Probe x2  
  65  5:05  Immortal (Chrono Boost)  
  69  5:10  Probe  
  70  5:15  Pylon  
  70  5:18  Pylon  
  70  5:26  Resonating Glaives (Chrono Boost)  
  70  5:31  Nexus  
  70  5:33  Sentry x2, Probe x2, Pylon  
  76  5:35  Adept  
  76  5:40  Immortal, Pylon  
  82  5:45  Probe x2  
  82  5:57  Probe  
  82  5:59  Probe  
  82  6:00  Sentry x2  
  82  6:01  Sentry  
  90  6:09  Probe  
  90  6:10  Pylon x2  
  91  6:12  Pylon  
  91  6:16  Gateway  
  91  6:17  Gateway  
  91  6:20  Immortal  
  91  6:24  Stalker  
  91  6:25  Stalker  
  99  6:29  Stalker  
  101  6:33  Probe  
  102  6:48  Probe x2  
  102  6:49  Pylon  
  102  6:51  Stalker x2, Pylon  
  108  6:58  Adept  
  110  7:05  Mothership Core  
  110  7:06  Protoss Ground Weapons Level 1  
  110  7:07  Immortal  
  114  7:15  Pylon  
  110  7:27  Blink (Chrono Boost)  
  110  7:30  Probe  
  110  7:32  Probe x2, Assimilator  
  113  7:37  Assimilator  
  113  7:38  Pylon  
  113  7:39  Photon Cannon  
  113  7:41  Photon Cannon  
  113  7:42  Stalker x3, Pylon, Photon Cannon  
  113  7:44  Probe  
  120  7:53  Immortal  
  120  7:58  Probe x2  
  126  8:15  Adept x3  
  126  8:16  Adept x2  
  126  8:17  Probe x2  
  138  8:22  Gateway  
  138  8:25  Gateway  
  138  8:26  Gateway  
  138  8:30  Gateway  
  138  8:41  Photon Cannon  
  138  8:46  Templar Archives  
  138  8:49  Gateway, Protoss Ground Armor Level 3  
  138  8:51  Gateway  
  138  8:54  Sentry x2, Gateway  
  142  8:56  Gateway  
  142  8:57  Immortal  
  146  9:04  Probe  
  146  9:05  Probe  
  148  9:12  Charge (Chrono Boost)  
  148  9:24  Adept x6  
  148  9:27  Stalker  
  158  9:57  Psionic Storm, Observer  
  158  10:00  Stalker x4  
  158  10:01  Stalker  
  158  10:02  Stalker  
  158  10:03  Stalker  
  172  10:07  Pylon  
  172  10:08  Pylon  
  172  10:24  Pylon  
  172  10:26  Pylon  
  172  10:33  High Templar  
  172  10:34  High Templar  
  172  10:35  High Templar  
  178  10:36  Zealot x5  
  126  11:29  Stalker  
  126  11:30  Stalker x9  
  126  11:31  Stalker x3  
  132  11:42  Immortal  
  130  11:47  Protoss Ground Weapons Level 2 (Chrono Boost)  
  134  12:09  Adept x8  
  134  12:10  Adept x5  
  160  12:16  Nexus  
  160  12:18  Pylon  
  160  12:19  Probe x2  
  160  12:20  Probe, Pylon  
  163  12:27  Observer  
  162  12:31  Probe  
  164  12:37  Zealot x7  
  176  12:55  High Templar x6  
  162  13:34  Zealot x7  
  156  13:35  Zealot x6  
  180  13:47  Assimilator  
  180  13:53  Photon Cannon  
  180  13:54  Photon Cannon  
  180  13:56  Photon Cannon  
  180  13:59  Assimilator  
  180  14:02  Photon Cannon  
  176  14:16  Zealot  
  164  14:17  Zealot x7  
  164  14:19  High Templar x5  
  153  14:48  Zealot  
  153  14:50  Zealot x6  
  122  15:28  Zealot x10  
  134  16:05  Nexus  
  130  16:41  High Templar  
  130  16:42  High Templar x7  
  130  16:45  Archon  
  130  16:46  Archon x3  
  146  16:58  High Templar  
  146  16:59  High Templar x2  
  146  17:00  High Templar  
  154  17:03  Archon x2  
  131  17:50  Assimilator  
  127  18:21  Nexus  
  127  18:22  Pylon  
Tags
 
Add a new tag
Caveats
  • Supply blocks, unpowered buildings, or Contaminate may cause inaccurate times.
  • Supply counts are checked every 10 seconds.